 Dungeon Crawl Stone Soup version 0.21.1-1-g345015f (webtiles) character file.

553 Monsterracer the Insei (level 7, 0/47 HPs)
             Began as an Octopode Monk on Feb 13, 2018.
             Was a Priest of Cheibriados.
             Slain by an orc priest
             ... wielding a +0 club
              (2 damage)
             ... on level 4 of the Dungeon.
             The game lasted 00:06:33 (4244 turns).

Monsterracer the Insei (Octopode Monk)              Turns: 4244, Time: 00:06:34

Health: 0/47       AC:  1    Str: 18    XL:     7   Next: 29%
Magic:  8/8        EV: 16    Int: 22    God:    Cheibriados [***...]
Gold:   182        SH:  0    Dex: 23    Spells: 6/6 levels left

rFire    . . .     SeeInvis .     - Unarmed
rCold    . . .     Gourm    .   (no shield)
rNeg     . . .     Faith    .   (helmet restricted)
rPois    .         Spirit   .   (no amulet)
rElec    .         Reflect  .   (no ring)
rCorr    .         Harm     .   (no ring)
MR       .....                  (no ring)
Stlth    ++++......             (no ring)
HPRegen  0.15/turn              (no ring)
MPRegen  0.11/turn              (no ring)
                                (no ring)
                                (no ring)

@: very slow
A: almost no armour, stealthy swim, amphibious, 8 rings, constrict 8, camouflage
1, gelatinous body 1
a: Bend Time, Temporal Distortion, Renounce Religion


You were on level 4 of the Dungeon.
You worshipped Cheibriados.
Cheibriados was most pleased with you.
You were not hungry.

You visited 1 branch of the dungeon, and saw 4 of its levels.

You collected 182 gold pieces.

Inventory:

Armour
 e - a +0 large shield
Scrolls
 a - 5 scrolls of teleportation
 f - a scroll of fear {!r}
 g - a scroll of remove curse
Potions
 b - a potion of heal wounds {unknown}
 d - a potion of magic
 h - a potion of degeneration {unknown}
 i - a potion of agility
 k - a potion of invisibility {unknown}
 m - 2 potions of curing
Comestibles
 c - 7 rations


   Skills:
 + Level 3.8 Fighting
 + Level 3.8 Dodging
 + Level 4.3 Stealth
 + Level 2.2 Shields
 * Level 5.8 Unarmed Combat
 + Level 2.4 Invocations


You had 6 spell levels left.
You didn't know any spells.

Dungeon Overview and Level Annotations

Branches:
Dungeon (4/15)
 Temple: D:4-7

Altars:
Cheibriados
Nemelex Xobeh
Uskayaw
Wu Jian
The Shining One


Innate Abilities, Weirdness & Mutations

You cannot wear most types of armour.
You are very stealthy in the water. (Stealth+)
You are amphibious.
You can wear up to eight rings at the same time.
You can use your tentacles to constrict eight enemies at once.
Your skin changes colour to match your surroundings (Stealth+).
Your rubbery body absorbs attacks. (AC +1, EV +1)


Message History

You squeeze the orc priest, but do no damage.
The orc priest is almost dead.
You constrict the orc priest, but do no damage.
The orc priest invokes the aid of Beogh against you.
Beogh smites you!
* * * LOW HITPOINT WARNING * * *
You take 12 damage, and have 19/47 hp.
MASSIVE DAMAGE!!
You tentacle-slap the orc priest.
You kill the orc priest!
Cheibriados appreciates the change of pace.
You now have 182 gold pieces (gained 3).
Items here: ( ))))) [[[ †††† You butcher the orc corpse.
f - 2 chunks of flesh
Items here: ( ))))) [[[ ††† You start resting.
A giant cockroach comes into view.
You regained 4 hp, and now have 24/47 hp.
A giant cockroach is nearby!
What are your orders? t - Shout!
Orders for allies: a - Attack new target. r - Retreat! s - Stop attacking. g - Guard the area. f - Follow me.
Anything else - Cancel.
You shout for attention!
There is a stone staircase leading up, spattered with blood here.
You see here 2 tomahawks.
You start resting.
You swing at nothing.
You barely miss the giant cockroach. You grab the giant cockroach.
You squeeze the giant cockroach, but do no damage.
You constrict the giant cockroach, but do no damage.
The giant cockroach barely misses you.
You tentacle-slap the giant cockroach.
You tentacle-slap the giant cockroach, but do no damage.
You kill the giant cockroach!
Cheibriados appreciates the change of pace.
You swing at nothing.
A frilled lizard comes into view.
You regained 5 hp, and now have 30/47 hp.
A frilled lizard is nearby!
You swing at nothing.
You swing at nothing.
You swing at nothing.
What are your orders? t - Shout!
Orders for allies: a - Attack new target. r - Retreat! s - Stop attacking. g - Guard the area. f - Follow me.
Anything else - Cancel.
You shout for attention!
The frilled lizard hisses angrily.
You swing at nothing.
You swing at nothing.
You swing at nothing.
You swing at nothing.
You swing at nothing.
You swing at nothing.
You miss the frilled lizard. You grab the frilled lizard.
You kill the frilled lizard!
Cheibriados appreciates the change of pace.
You swing at nothing.
Eating one of 2 chunks of flesh.
You eat one of the 2 chunks of flesh.
This raw flesh tastes terrible.
HP restored.
Key pressed, stopping explore.
Items here: ( ))))) [[[ †††† All of the chunks of flesh in your inventory have rotted away.
Found a pair of gloves.
Health restored: 47
Found an escape hatch in the floor.
Found 29 stones.
Found a falchion.
c - 7 rations (gained 1)
Found a stone staircase leading down.
Found a leather armour and 23 stones.
f - a scroll of fear {!r} You see here a leather armour.
g - a scroll of remove curse 2 orcs, 2 orc priests and an orc wizard come into view.
The orc priest shouts!
The orc shouts!
The orc priest shouts!
The orc priest calls down the wrath of Beogh upon you.
Beogh smites you!
The orc priest begins to cast a cantrip, but forgets the words!
The orc priest invokes the aid of Beogh against you.
Beogh smites you!
* * * LOW HITPOINT WARNING * * *
The orc wizard shouts!
You take 26 damage, and have 21/47 hp.
MASSIVE DAMAGE!!
Unknown command.
Okay, then.
The orc priest calls down the wrath of Beogh upon you.
Beogh smites you!
* * * LOW HITPOINT WARNING * * *
The orc priest hits you with a club.
* * * LOW HITPOINT WARNING * * *
You take 19 damage, and have 2/47 hp.
MASSIVE DAMAGE!!
You barely miss the orc priest. You grab the orc priest.
You constrict the orc priest. The orc priest hits you with a club.
You die... ### #.# #oo

#o# #o# #o# ####
#@#
...#############.#
.................#
...###############
...# ..[# ..## ..#
..#


You could see 2 orc priests, an orc wizard and 2 orcs.

Vanquished Creatures
  The ghost of pk666 the Magician, an amateur DEWz (D:3)
  2 scorpions (D:4)
  An orc priest (D:4)
  An iguana (D:3)
  Natasha (thrice) (D:3)
  Terence (D:2)
  2 adders
  7 gnolls (D:2)
  3 oozes
  3 worms
  A dart slug (D:1)
  2 leopard geckos
  8 orcs
  3 giant cockroaches
  15 goblins
  A hobgoblin (D:3)
  4 jackals (D:1)
  10 kobolds
  A quokka (D:3)
  10 bats
  5 frilled lizards
  4 rats
88 creatures vanquished.

Notes
Turn   | Place    | Note
-------+----------+-------------------------------------------
     0 | D:1      | Monsterracer the Octopode Monk began the quest for the Orb.
     0 | D:1      | Reached XP level 1. HP: 16/16 MP: 1/1
   170 | D:1      | Reached XP level 2. HP: 21/21 MP: 2/2
   541 | D:1      | Reached skill level 4 in Unarmed Combat
   799 | D:1      | Reached XP level 3. HP: 22/26 MP: 3/3
  1339 | D:2      | Found an ornate altar of the Wu Jian Council.
  1339 | D:2      | Found a glowing golden altar of the Shining One.
  1340 | D:2      | Found a sparkling altar of Nemelex Xobeh.
  1341 | D:2      | Found a snail-covered altar of Cheibriados.
  1341 | D:2      | Found a hide-covered altar of Uskayaw.
  1524 | D:2      | Became a worshipper of Cheibriados the Contemplative
  1524 | D:2      | Reached * piety under Cheibriados
  1524 | D:2      | Reached ** piety under Cheibriados
  1756 | D:2      | Reached XP level 4. HP: 21/31 MP: 4/4
  1911 | D:2      | HP: 13/31 [gnoll/spear (6)]
  2201 | D:2      | HP: 14/31 [gnoll (9)]
  2202 | D:2      | Reached XP level 5. HP: 16/36 MP: 5/5
  2209 | D:2      | HP: 5/36 [gnoll/whip (12)]
  2212 | D:2      | Reached skill level 1 in Shields
  2538 | D:2      | Noticed Terence
  2545 | D:2      | Killed Terence
  2545 | D:2      | Reached skill level 5 in Unarmed Combat
  2545 | D:2      | Reached skill level 1 in Invocations
  2933 | D:3      | Noticed pk666's ghost (amateur DEWz)
  2951 | D:3      | HP: 17/36 [pk666's ghost (4)]
  2953 | D:3      | Killed pk666's ghost
  2953 | D:3      | Reached XP level 6. HP: 20/42 MP: 5/7
  3331 | D:3      | Noticed Natasha
  3335 | D:3      | Killed Natasha
  3415 | D:3      | Reached *** piety under Cheibriados
  3416 | D:3      | Noticed Natasha
  3421 | D:3      | Killed Natasha
  3502 | D:3      | Noticed a hungry ghost
  3727 | D:3      | Noticed Natasha
  3732 | D:3      | Killed Natasha
  3919 | D:4      | Reached XP level 7. HP: 47/47 MP: 8/8
  3954 | D:4      | HP: 19/47 [orc priest/divine providence (12)]
  4242 | D:4      | HP: 21/47 [orc priest/divine providence (13)]
  4243 | D:4      | HP: 8/47 [orc priest/divine providence (13)]
  4243 | D:4      | HP: 2/47 [orc priest/club (6)]
  4244 | D:4      | Slain by an orc priest

Skill      XL: |  1  2  3  4  5  6 |
---------------+-------------------+-----
Unarmed Combat | 4 5 |  5.8
Stealth        | 3 4 |  4.3
Shields        | 1 2 |  2.2
Invocations    | 1 2 |  2.4
Fighting       | |  3.8
Dodging        | |  3.8

Action                   |  1- 3 |  4- 6 |  7- 9 || total
-------------------------+-------+-------+-------++-------
Melee: Unarmed           |    84 |    93 |    21 ||   198
       Constrict         |    24 |    28 |     8 ||    60
       Tentacles         |    11 |    28 |    12 ||    51
       Punch             |     3 |     8 |     2 ||    13
  Use: Scroll            |       |    11 |       ||    11
       Potion            |       |     1 |       ||     1
 Stab: Sleeping          |     8 |     7 |       ||    15
       Distracted        |       |     1 |       ||     1
  Eat: Chunk             |     2 |     3 |     1 ||     6
Armor: Skin              |    11 |     5 |       ||    16
Dodge: Dodged            |    67 |    71 |     6 ||   144

Vault maps used:
D:1:      dpeg_arrival_solitude, minmay_tetromino_i2
D:2:      grunt_temple_overflow_open, uniq_terence
D:3:      wad_pebble_path, first_ration, lightli_corner_chamber, uniq_natasha
D:4:      temple_doors_ab
